 Dungeon Crawl Stone Soup version 0.28-a0-1087-gf3fc490d9d (webtiles) character file.

Game seed: 13150750597869221448

474 spaghetti the Slasher (level 7, -5/46 HPs)
             Began as an Octopode Berserker on Dec 10, 2021.
             Was a Believer of Trog.
             Slain by a hound (6 damage)
             ... on level 5 of the Dungeon.
             The game lasted 00:04:41 (3498 turns).

spaghetti the Slasher (Octopode Berserker)          Turns: 3498, Time: 00:04:41

Health: -5/46      AC:  1    Str: 16    XL:     7   Next: 10%
Magic:  7/7        EV: 15    Int:  9    God:    Trog [**....]
Gold:   182        SH:  0    Dex: 14    Spells: 6/6 levels left

rFire   . . .      SeeInvis .   a - +0 falchion {long}
rCold   . . .      Faith    .   (no shield)
rNeg    . . .      Spirit   .   (helmet restricted)
rPois   .          Reflect  .   (no amulet)
rElec   .          Harm     .   (no ring)
rCorr   .          Rampage  .   (no ring)
Will    .....                   (no ring)
Stlth   ++........              (no ring)
HPRegen 0.15/turn               (no ring)
MPRegen 0.10/turn               (no ring)
                                (no ring)
                                (no ring)

@: on berserk cooldown, slowed, very slow
A: almost no armour, amphibious, 8 rings, camouflage 1, gelatinous body 1,
(nimble swimmer 1), tentacles
a: Renounce Religion, Berserk, Trog's Hand


You were on level 5 of the Dungeon.
You worshipped Trog.
Trog was pleased with you.
You visited 1 branch of the dungeon, and saw 5 of its levels.

You collected 182 gold pieces.


Innate Abilities, Weirdness & Mutations

You cannot wear most types of armour.
You are amphibious.
You can wear up to eight rings at the same time.
Your skin changes colour to match your surroundings (Stealth+).
Your rubbery body absorbs attacks. (AC +1, EV +1)
((You are camouflaged near water. (Stealth+)))
You have tentacles for arms and can constrict up to eight enemies at once.


   Skills:
 - Level 3.0 Fighting
 + Level 6.0 Long Blades
 + Level 2.7 Throwing
 + Level 4.9 Dodging


You had 6 spell levels left.
You didn't know any spells.
Your spell library contained the following spells:

 Spells                   Type           Power      Damage    Failure   Level
 Beastly Appendage        Tmut           0%         N/A       38%         1
 Sting                    Tmut/Pois      0%         1d3       38%         1
 Poisonous Vapours        Pois/Air       0%         N/A       52%         2
 Wereblood                Tmut           0%         N/A       52%         2
 Spider Form              Tmut/Pois      0%         N/A       77%         3
 Olgreb's Toxic Radiance  Pois           0%         N/A       99%         4

Inventory:

Hand Weapons
 a - a +0 falchion (weapon) {long}
 p - a +1 mace of protection {mace}
   (You took it off an orc on level 3 of the Dungeon)
 t - a +0 hunting sling of flaming {sling}
   (You found it on level 4 of the Dungeon)
 u - a +2 quarterstaff of chaos {staff}
   (You took it off Crazy Yiuf on level 4 of the Dungeon)
Missiles
 c - 31 arrows
 e - 6 javelins (quivered) {throwing}
 f - 137 stones {throwing}
 k - 20 poisoned darts {throwing}
 s - 23 bolts
Armour
 b - a +0 tower shield
   (You found it on level 1 of the Dungeon)
 v - a +0 cloak
   (You took it off Crazy Yiuf on level 4 of the Dungeon)
Scrolls
 d - 3 scrolls of noise {unknown}
 h - a scroll of fear {unknown}
 i - 4 scrolls of amnesia {unknown}
 j - 2 scrolls of immolation {unknown}
 l - 3 scrolls of identify {unknown}
 m - a scroll of brand weapon {unknown}
 n - a scroll of fog {unknown}
 r - a scroll of holy word {unknown}
Potions
 g - a potion of might
 q - a potion of haste {unknown}

Dungeon Overview and Level Annotations

Branches:
Dungeon (5/15)
 Temple: D:4-7

Altars:

........##.......
.......#.........##.#
.........#.....$....##
.....................#
.......?.)...........#
.....................#
##..#####..##.#......+
.....# #..##.#o.....#
..<.....#..##.lh@....#
..............).o....#
...........##.#.......#
......(.................
......................##
............>.....#####
...................#
................#
..............>#


You could see an iguana, a hound and 2 orcs.


Message History

😕 HP[-3]
You take 3 damage, and now have 39/42 hp.
You hit the hound skeleton. You squeeze the hound skeleton!
You destroy the hound skeleton!
Trog accepts your kill.
The adder hisses angrily.
You hit the scorpion. You grab the scorpion. You constrict the scorpion.
The scorpion misses you. The scorpion stings you.
You are poisoned.
The scorpion poisons you! 😕 HP[-4]
You take 4 damage, and now have 35/42 hp.
A red film seems to cover your vision as you go berserk!
You feel yourself moving faster!
You feel mighty!
You constrict the scorpion.
You feel very sick.
The scorpion barely misses you. 😕 HP[+16]
You now have 63 max hp (+21).
You regained 16 hp, and now have 51/63 hp.
You slash the scorpion!
You kill the scorpion!
Trog accepts your kill.
You feel sick.
You have reached level 7! 😕 HP[+3] MP[+1]
You now have 69 max hp (+6).
You regained 3 hp, and now have 54/69 hp.
Your mp is fully restored (7).
You barely miss the adder. You grab the adder. You constrict the adder.
You feel sick. 😕 HP[-1]
You take 1 damage, and now have 53/69 hp.
You slash the adder!
You kill the adder!
Trog accepts your kill.
You feel sick.
Your Long Blades skill increases to level 6! 😕 HP[-1]
You take 1 damage, and now have 52/69 hp.
No target in view!
No target in view!
You feel sick. 😮 HP[-1]
You take 1 damage, and now have 51/69 hp.
You start resting.
You feel a strong urge to attack something.
You feel sick.
You feel your anger nearly subside.
You are no longer berserk.
You are exhausted.
You feel yourself slow down.
You feel sick.
An orc comes into view. It is wielding a +0 hand axe. 😮 HP[-19]
You now have 46 max hp (-23).
An orc is nearby!
An orc is nearby!
Unknown command.
An orc is nearby!
A centaur skeleton comes into view.
Found an escape hatch in the floor.
You feel sick.
An iguana comes into view.
You feel sick.
You are no longer poisoned. 😮 HP[-2]
You take 2 damage, and now have 30/46 hp. 2 orcs come into view.
An orc is wielding a +0 dagger and carrying a wand of mindburst (17).
The orc moves out of view. x2
Found a stone staircase leading down.
The iguana hisses angrily.
A hound comes into view.
Found a stone staircase leading down.
The orc shouts!
The hound barks!
The iguana hisses menacingly. 😮 HP[+1]
The orc shouts!
You hit the orc. You grab the orc. You constrict the orc.
You kill the orc!
Trog accepts your kill.
The orc zaps a wand.
Your mind is blasted!
* * * LOW HITPOINT WARNING * * *
😱 HP[-21]
You take 21 damage, and now have 10/46 hp.
MASSIVE DAMAGE!! (PAUSE)
Okay, then.
Okay, then.
The hound misses you.
Things that are here:
a +0 flail {mace}; a +0 leather armour The orc hits you with a +0 hand axe.
* * * LOW HITPOINT WARNING * * *
The hound bites you.
* * * LOW HITPOINT WARNING * * *
😱 HP[-8]
You take 8 damage, and now have 2/46 hp.
The hound closely misses you. The orc hits you with a +0 hand axe.
* * * LOW HITPOINT WARNING * * *
The hound bites you.
You die...

Skill      XL: |  1  2  3  4  5  6  7 |
---------------+----------------------+-----
Long Blades    | 4 5 6 |  6.0
Throwing       | 1 2 |  2.7
Dodging        | 4 |  4.9
Fighting       | |  3.0

Action                   |  1- 3 |  4- 6 |  7- 9 || total
-------------------------+-------+-------+-------++-------
Melee: Falchion          |    42 |    76 |     3 ||   121
       Constrict         |    13 |    18 |     2 ||    33
       Tentacles         |     4 |    17 |       ||    21
Invok: Berserk           |     2 |     4 |       ||     6
  Use: Potion            |       |     3 |       ||     3
 Stab: Sleeping          |     7 |     3 |       ||    10
       Distracted        |     1 |       |       ||     1
Armor: Skin              |     1 |    10 |       ||    11
Dodge: Dodged            |    27 |    49 |     2 ||    78

Levels and vault maps discovered:
D:1:      enne_arrival_octagon_isle, layout_basic,
          amcnicky_mini_rare_corridor_liquid
D:2:      layout_loops_ring, basic_ecumenical_altar, uniq_terence
D:3:      layout_loops_ring
D:4:      layout_layer_cave, st_stairs_12, uniq_crazy_yiuf_cottage, uniq_duvessa
D:5:      layout_rooms, minmay_temple_entry_glassed_door

Notes
Turn   | Place    | Note
-------+----------+-------------------------------------------
     0 | D:1      | spaghetti the Octopode Berserker began the quest for the
                  | Orb.
     0 | D:1      | Reached XP level 1. HP: 16/16 MP: 1/1
     0 | D:1      | magus.rc [v1.9.6]
   429 | D:1      | Reached XP level 2. HP: 21/21 MP: 2/2
   891 | D:2      | You add the spells Sting, Poisonous Vapours and Olgreb's
                  | Toxic Radiance to your library.
  1062 | D:2      | Noticed Terence
  1069 | D:2      | Killed Terence
  1070 | D:2      | Reached skill level 4 in Long Blades
  1070 | D:2      | Reached XP level 3. HP: 26/26 MP: 3/3
  1498 | D:2      | Found a faded altar of an unknown god.
  1836 | D:3      | Reached XP level 4. HP: 29/31 MP: 4/4
  2160 | D:3      | Reached ** piety under Trog
  2190 | D:3      | Reached skill level 5 in Long Blades
  2192 | D:3      | Reached XP level 5. HP: 35/36 MP: 5/5
  2622 | D:3      | You fall into a shaft and drop 1 floor!
  2779 | D:4      | Noticed Duvessa
  2779 | D:4      | Noticed Dowan
  2789 | D:4      | Killed Duvessa
  2790 | D:4      | Reached skill level 1 in Throwing
  2790 | D:4      | Reached skill level 4 in Dodging
  2790 | D:4      | Reached XP level 6. HP: 42/42 MP: 6/6
  2798 | D:4      | Killed Dowan
  3229 | D:4      | Reached skill level 2 in Throwing
  3386 | D:4      | Found a runed translucent door.
  3387 | D:4      | Noticed Crazy Yiuf
  3393 | D:4      | Killed Crazy Yiuf
  3417 | D:5      | Entered Level 5 of the Dungeon
  3473 | D:5      | You pick up a book of Changes {forbidden} and begin
                  | reading...
  3473 | D:5      | You add the spells Beastly Appendage, Wereblood and Spider
                  | Form to your library.
  3483 | D:5      | Reached XP level 7. HP: 46/46 MP: 7/7
  3485 | D:5      | Reached skill level 6 in Long Blades
  3495 | D:5      | HP: 10/46 [disintegration (21)]
  3497 | D:5      | HP: 2/46 [hound (6)]
  3498 | D:5      | Slain by a hound

Vanquished Creatures
  Duvessa (D:4)
  2 scorpions (D:5)
  Dowan (D:4)
  Crazy Yiuf (D:4)
  An orc priest (D:3)
  Terence (D:2)
  2 hound skeletons
  A howler monkey skeleton (D:4)
  4 adders
  10 orcs
  6 endoplasms
  3 giant cockroaches
  2 goblins
  4 hobgoblins
  3 quokkas
  5 ball pythons
  2 bats
  3 frilled lizards
  3 kobolds
  4 rats
59 creatures vanquished.

Table legend:
 A = Non-vault XP
 B = Vault XP
 C = Vault XP percentage of total XP
 D = Non-vault monster count
 E = Vault monster count
 F = Vault count percentage of total count
                 A         B        C        D         E       F
            +---------+---------+-------+---------+---------+-------
      Total |     378 |     300 |  44.2 |      54 |       5 |   8.5
            +---------+---------+-------+---------+---------+-------
        D:1 |      17 |       0 |   0.0 |      12 |       0 |   0.0
        D:2 |      13 |      36 |  73.5 |       8 |       1 |  11.1
        D:3 |     126 |       0 |   0.0 |      25 |       0 |   0.0
        D:4 |      25 |     264 |  91.3 |       4 |       4 |  50.0
        D:5 |     197 |       0 |   0.0 |       5 |       0 |   0.0
            +---------+---------+-------+---------+---------+-------

Illustrated notes

Table legend:
 A = Kills in this place as a percentage of kills in entire the game.
 B = Kills by you in this place as a percentage of kills by you in the entire game.
 C = Kills by friends in this place as a percentage of kills by friends in the entire game.
 D = Other kills in this place as a percentage of other kills in the entire game.
 E = Experience gained in this place as a percentage of experience gained in the entire game.
 F = Experience gained in this place divided by the number of levels of this place that you have seen.
                   A       B       C       D       E      F
               +-------+-------+-------+-------+-------+----------------------
         Total | 100.0 | 100.0 |   N/A |   N/A | 100.0 | 135.6
       Dungeon | 100.0 | 100.0 |   N/A |   N/A | 100.0 | 135.6
               +-------+-------+-------+-------+-------+----------------------

Table legend: (Time is in decaauts)
 A = Elapsed time spent in this place.
 B = Non-inter-level travel time spent in this place.
 C = Inter-level travel time spent in this place.
 D = Time resting spent in this place.
 E = Time spent auto-exploring this place.
 F = Levels seen in this place.
 G = Mean time per level.
                   A        B        C        D        E       F      G
               +--------+--------+--------+--------+--------+-----+--------+
         Total |   3551 |   3484 |     67 |   1011 |   2062 |   5 |  710.2 |
       Dungeon |   3551 |   3484 |     67 |   1011 |   2062 |   5 |  710.2 |
               +--------+--------+--------+--------+--------+-----+--------+

Top non-repeatable levels by time:
     D:2: 934 daAuts
     D:3: 860 daAuts
     D:1: 857 daAuts
     D:4: 814 daAuts
     D:5: 85 daAuts
